 Dungeon Crawl Stone Soup version 0.30.0-5-g1a98f26d00 (webtiles) character file.

Game seed: 4786700841951583514

163 qeuew the Trooper (level 5, -3/42 HPs)
             Began as a Demonspawn Chaos Knight on May 8, 2023.
             Was a Plaything of Xom.
             Slain by a wyvern (14 damage)
             ... on level 4 of the Dungeon.
             The game lasted 00:03:01 (1880 turns).

qeuew the Trooper (Demonspawn Chaos Knight)         Turns: 1880, Time: 00:03:02

Health: -3/42      AC:  5    Str: 20    XL:     5   Next: 20%
Magic:  5/5        EV: 12    Int: 14    God:    Xom [*.....]
Gold:   103        SH:  0    Dex: 15    Spells: 4/4 levels left

rFire   + . .        g - +6 falchion "Giant's Bane" {heavy, rElec rF+ Dex+3}
rCold   . . .        (no shield)
rNeg    . . .        b - +2 leather armour
rPois   .            (no helmet)
rElec   +            (no cloak)
rCorr   .            (no gloves)
SInv    .            (no boots)
Will    .....        (no amulet)
Stlth   +            m - +6 ring of strength
HPRegen 0.27/turn    (no ring)
MPRegen 0.09/turn

%: no passive effects
@: slowed, very slow
A: rugged brown scales 1, ignite blood 2, weakness stinger 1, deformed body,
shaggy fur 1
a: Renounce Religion


You were on level 4 of the Dungeon.
You worshipped Xom.
You were a special plaything of Xom.
You visited 1 branch of the dungeon, and saw 4 of its levels.

You collected 103 gold pieces.

Inventory:

Hand Weapons
 g - the +6 falchion "Giant's Bane" (weapon) {heavy, rElec rF+ Dex+3}
   (You found it on level 2 of the Dungeon)

   Dex:       It affects your dexterity (+3).
   rF:        It protects you from fire.
   rElec:     It insulates you from electricity.
Armour
 b - a +2 leather armour (worn)
Jewellery
 m - a +6 ring of strength (left hand)
Scrolls
 f - a scroll of identify
Potions
 a - a potion of magic
 e - a potion of flight
 j - a potion of berserk rage
 k - a potion of heal wounds
Miscellaneous
 c - a piece from Xom's chessboard (15/15) (quivered)


   Skills:
 + Level 3.5 Fighting
 * Level 1.2 Long Blades
 - Level 3.0 Maces & Flails
 * Level 3.1 Armour
 + Level 1.9 Dodging
 + Level 1.6 Evocations


You had 4 spell levels left.
You didn't know any spells.
Your spell library contained the following spells:

 Spells                   Type           Power      Damage    Failure   Level
 Necrotise                Necr           0%         1d4       32%         1
 Ensorcelled Hibernation  Hex/Ice        0%         N/A       45%         2
 Spider Form              Tmut/Pois      0%         N/A       69%         3
 Vampiric Draining        Necr           0%         2d6       69%         3
 Anguish                  Hex/Necr       0%         N/A       97%         4
 Agony                    Necr           0%         N/A       100%        5
 Summon Forest            Summ/Tloc      0%         N/A       100%        5
 Eringya's Noxious Bog    Tmut/Pois      0%         N/A       100%        6
 Summon Hydra             Summ           0%         N/A       100%        7


Dungeon Overview and Level Annotations

Branches:
Dungeon (4/15)
 Temple: D:4-7

Altars:
Hepliaklqana

Shops:
D:2 *


Innate Abilities, Weirdness & Mutations

You are partially covered in rugged brown scales. (AC +1, +3% HP)
Your demonic aura often causes spilled blood to erupt in flames.
You have a small tail.
Armour fits poorly on your strangely shaped body.
You are covered in fur. (AC +1)


Message History

Natasha is nearby!
You are too injured to fight recklessly!
Natasha is nearby!
You are too injured to fight recklessly!
Unknown command.
You slash Natasha!
You kill Natasha!
Suddenly Natasha's spirit rises from her lifeless body.
Natasha, Servant of Life and Death comes into view.
She is carrying a wand of roots (6).
Unknown command.
You see here the felid corpse of Natasha.
Natasha is nearby!
Natasha is nearby!
You are too injured to fight recklessly!
Natasha stares at you and mumbles some strange words.
You feel yourself slow down.
You hear Xom's avuncular chuckle.
Natasha evaporates and reforms as a scorpion!
There is a stone staircase leading up here.
Natasha stings you.
You slice Natasha!!
You kill Natasha!
Natasha yowls pathetically as she dies!
Natasha returns to her original shape as she dies.
Your Long Blades skill increases to level 1!
Your Armour skill increases to level 3!
You have reached level 5!
Your demonic ancestry asserts itself...
You grow a small tail.
A wyvern comes into view.
A wyvern is nearby!
A wyvern is nearby!
You are too injured to fight recklessly!
The wyvern hisses angrily.
There is a stone staircase leading up here.
The wyvern misses you. The wyvern bites you.
* * * LOW HITPOINT WARNING * * *
The wyvern bites you!
You die...
Xom thinks this is hilarious!

..... .# ......
..# .... ... #
... ..##.. #..
...... #
#$##..#... ..
##.†..../#
...#.#....##.##
......l@<.....#
.......$....#...
........†....# #
.............#
......../....#
.............#
.............#
.............#
.............


You could see a wyvern.

Vanquished Creatures
  A scorpion (D:4)
  Natasha (D:4)
  2 adders
  2 worms (D:2)
  2 dart slugs
  An orc (D:3)
  A ball python (D:3)
  3 bats (D:2)
  9 endoplasms
  2 giant cockroaches
  3 goblins (D:1)
  6 hobgoblins
  3 jackals (D:1)
  4 kobolds
  3 quokkas
  2 frilled lizards
  4 rats
49 creatures vanquished.

Notes
Turn   | Place    | Note
-------+----------+-------------------------------------------
     0 | D:1      | qeuew the Demonspawn Chaos Knight began the quest for the
                  | Orb.
     0 | D:1      | Reached XP level 1. HP: 18/18 MP: 1/1
    91 | D:1      | Reached skill level 1 in Dodging
   111 | D:1      | Gained mutation: Your demonic aura sometimes causes spilled
                  | blood to erupt in flames. [demonic ancestry]
   111 | D:1      | Reached XP level 2. HP: 14/24 MP: 2/2
   198 | D:1      | XOM: silly message
   684 | D:1      | XOM: divination: magic mapping
   799 | D:2      | XOM: noise
   807 | D:2      | Gained mutation: You are partially covered in rugged brown
                  | scales. (AC +1, +3% HP) [demonic ancestry]
   807 | D:2      | Reached XP level 3. HP: 14/29 MP: 3/3
   855 | D:2      | Reached skill level 1 in Evocations
   884 | D:2      | You fall into a shaft and drop 1 floor!
  1184 | D:3      | Found a hazy altar of Hepliaklqana.
  1225 | D:2      | XOM: give mutations
  1225 | D:2      | Gained mutation: Armour fits poorly on your strangely
                  | shaped body. [Xom's mischief]
  1225 | D:2      | Gained mutation: You are covered in fur. (AC +1) [Xom's
                  | mischief]
  1287 | D:2      | Identified the +6 falchion "Giant's Bane" {heavy, rElec rF+
                  | Dex+3}
  1361 | D:2      | Found Ciumon's General Store.
  1382 | D:2      | XOM: swap monsters
  1387 | D:2      | Gained mutation: Your demonic aura often causes spilled
                  | blood to erupt in flames. [demonic ancestry]
  1387 | D:2      | Reached XP level 4. HP: 36/36 MP: 4/4
  1592 | D:3      | XOM: 6-stop teleportation journey
  1866 | D:4      | Noticed Natasha
  1870 | D:4      | Killed Natasha
  1870 | D:4      | Noticed Natasha
  1873 | D:4      | Natasha changed into Natasha the scorpion
  1873 | D:4      | Noticed Natasha
  1873 | D:4      | XOM: polymorph Natasha -> Natasha the scorpion
  1875 | D:4      | Killed Natasha the scorpion
  1876 | D:4      | Reached skill level 1 in Long Blades
  1876 | D:4      | Gained mutation: You have a small tail. [demonic ancestry]
  1876 | D:4      | Reached XP level 5. HP: 14/42 MP: 5/5
  1878 | D:4      | Noticed a wyvern
  1880 | D:4      | Slain by a wyvern

Illustrated notes

Levels and vault maps discovered:
D:1:      giann_wishing_wells, layout_basic, chequers_serial_rivers_small_3,
          kennysheep_boxes
D:2:      layout_rooms, serial_shops, shop
D:3:      layout_basic, mainiacjoe_overflow_chevrons
D:4:      layout_rooms, uniq_natasha

Skill      XL: |  1  2  3  4 |
---------------+-------------+-----
Dodging        | 1 |  1.9
Armour         | 2 3 |  3.1
Evocations     | 1 |  1.6
Maces & Flails | 3 |  3.0
Long Blades    | 1 |  1.2
Fighting       | |  3.5

Action                     |  1- 3 |  4- 6 || total
---------------------------+-------+-------++-------
  Melee: Mace              |   104 |       ||   104
         Falchion          |     1 |    10 ||    11
    Use: Scroll            |     8 |     3 ||    11
         Potion            |     1 |     1 ||     2
 Armour: Leather armour    |    50 |     2 ||    52
  Dodge: Dodged            |   103 |     3 ||   106
